 Dungeon Crawl Stone Soup version 0.29.0-13-gc9e81de378 (webtiles) character file.

Game seed: 4160969153185184425

729 ragingrage the Cleaver (level 7, -2/61 HPs)
             Began as a Hill Orc Monk on Sept 10, 2022.
             Was a Priest of Beogh.
             Splashed by a jelly's acid (9 damage)
             ... on level 5 of the Dungeon.
             The game lasted 00:04:48 (5534 turns).

ragingrage the Cleaver (Hill Orc Monk)              Turns: 5534, Time: 00:04:49

Health: -2/61      AC: -1    Str: 16    XL:     7   Next: 73%
Magic:  9/9        EV: 11    Int: 10    God:    Beogh [***...]
Gold:   365        SH:  0    Dex: 13    Spells: 6/6 levels left

rFire   . . .      SeeInvis .   a - +2 dagger (venom)
rCold   . . .      Faith    .   (no shield)
rNeg    . . .      Spirit   .   n - +0 ring mail
rPois   .          Reflect  .   (no helmet)
rElec   .          Harm     .   (no cloak)
rCorr   .          Rampage  .   b - +0 pair of gloves
Will    .....                   (no boots)
Stlth   +.........              (no amulet)
HPRegen 0.20/turn               (no ring)
MPRegen 0.11/turn               (no ring)

@: corroded
A: no striking features
a: Renounce Religion, Smiting


You were on level 5 of the Dungeon.
You worshipped Beogh.
Beogh was most pleased with you.
You visited 1 branch of the dungeon, and saw 5 of its levels.

You collected 365 gold pieces.

Inventory:

Hand Weapons
 a - a +2 dagger of venom (weapon)
 s - a +0 war axe
Missiles
 p - 12 boomerangs (quivered)
 q - 5 poisoned darts
Armour
 b - a +0 pair of gloves (worn)
 n - a +0 ring mail (worn)
Jewellery
 v - a ring of fire
Wands
 r - a wand of mindburst (12)
 x - a wand of roots (6)
Scrolls
 f - a scroll of enchant weapon
 g - a scroll of silence {unknown}
 h - a scroll of blinking {unknown}
 i - a scroll of fog {unknown}
 m - 2 scrolls of enchant armour {unknown}
 o - a scroll of amnesia {unknown}
 t - 2 scrolls of teleportation
 u - a scroll of fear {unknown}
Potions
 c - a potion of ambrosia
 e - a potion of lignification
 j - 6 potions of flight
 k - 5 potions of curing
 l - a potion of brilliance {unknown}
 w - a potion of cancellation {unknown}


   Skills:
 + Level 5.2 Fighting
 + Level 9.0 Axes
 + Level 3.2 Armour
 - Level 2.4 Dodging
 - Level 1.5 Stealth
 + Level 3.9 Invocations


You had 6 spell levels left.
You didn't know any spells.
Your spell library contained the following spells:

 Spells                   Type           Power      Damage    Failure   Level
 Beastly Appendage        Tmut           0%         N/A       56%         1
 Magic Dart               Conj           0%         1d3       56%         1
 Slow                     Hex            0%         N/A       56%         1
 Call Imp                 Summ           0%         N/A       71%         2
 Wereblood                Tmut           0%         N/A       71%         2
 Confusing Touch          Hex            0%         N/A       91%         3
 Mephitic Cloud           Conj/Pois/Air  0%         N/A       91%         3
 Spider Form              Tmut/Pois      0%         N/A       91%         3
 Vampiric Draining        Necr           0%         2d6       91%         3


Dungeon Overview and Level Annotations

Branches:
Dungeon (5/15)
 Temple: D:4-7

Altars:
Gozag
Kikubaaqudgha

Annotations:
D:4 Pikel


Message History

The jelly is moderately wounded.
The jelly barely misses you.
You completely miss the jelly.
The jelly is moderately wounded.
The jelly hits you but does no damage.
You hit the jelly. The acid corrodes you!
Your hands burn!
The jelly is moderately wounded.
The jelly barely misses you.
You hit the jelly.
Your hands burn!
The jelly is heavily wounded.
The jelly hits you.
You are splashed with acid!
You hit the jelly.
Your hands burn!
The jelly is severely wounded.
The jelly hits you but does no damage.
You are too injured to fight recklessly!
You barely miss the jelly.
The jelly is severely wounded.
The jelly hits you but does no damage.
You hit the jelly but do no damage.
Your hands burn!
The jelly is severely wounded.
The jelly jiggles.
The jelly hits you. The acid corrodes you!
You are splashed with acid!
You are too injured to fight recklessly!
You completely miss the jelly.
The jelly is severely wounded.
The jelly closely misses you.
You barely miss the jelly.
The jelly is severely wounded.
The jelly closely misses you.
You hit the jelly.
Your hands burn!
The jelly is severely wounded.
The jelly hits you.
You are splashed with acid!
* * * LOW HITPOINT WARNING * * *
You hit the jelly but do no damage.
Your hands burn!
* * * LOW HITPOINT WARNING * * *
The jelly is severely wounded.
The jelly hits you.
* * * LOW HITPOINT WARNING * * *
You are splashed with acid!
You die...

..# ### #.. # #.. #
### .# #.. # ..# .#
#.. # ##.###.# ..##
## #......# .$#
)###......# #.##J#
..##......# #.##@#
#.##......###.##o#
#..)).......#.##.##
####>..........#..#
#........#...#.# .
###...#..#.#.#.##....
###........[........
###.##.####.#.....
#.##.# .# ....


You could see a jelly (ally target) and a friendly orc.

Vanquished Creatures
  A water moccasin (D:5)
  A black bear (D:5)
  A centaur (D:5)
  A lemure (D:4)
  A scorpion (D:4)
  2 hounds
  An orc priest (D:3)
  2 orc wizards
  8 adders
  7 river rats (D:5)
  2 worms
  A dart slug (D:3)
  6 orcs
  6 bats
  8 endoplasms
  3 giant cockroaches
  5 goblins
  A hobgoblin (D:3)
  2 jackals (D:3)
  7 kobolds
  8 quokkas
  2 ball pythons
  3 frilled lizards
  25 rats
104 creatures vanquished.

Vanquished Creatures (collateral kills)
  An orc wizard (D:5)
1 creature vanquished.

Vanquished Creatures (others)
  A ball python (D:3)
  2 withered plants (D:3)
3 creatures vanquished.

Grand Total: 108 creatures vanquished

Notes
Turn   | Place    | Note
-------+----------+-------------------------------------------
     0 | D:1      | ragingrage the Hill Orc Monk began the quest for the Orb.
     0 | D:1      | Reached XP level 1. HP: 19/19 MP: 1/1
   332 | D:1      | Reached XP level 2. HP: 26/26 MP: 2/2
   485 | D:1      | Reached skill level 5 in Axes
  1139 | D:2      | Reached skill level 6 in Axes
  1139 | D:2      | Reached XP level 3. HP: 17/31 MP: 3/3
  1221 | D:2      | Reached XP level 4. HP: 28/39 MP: 4/4
  2252 | D:3      | Found a faded altar of an unknown god.
  2298 | D:3      | Reached skill level 7 in Axes
  2639 | D:3      | Found an ancient bone altar of Kikubaaqudgha.
  2843 | D:3      | Reached XP level 5. HP: 42/45 MP: 5/5
  2910 | D:3      | Found an opulent altar of Gozag.
  2957 | D:3      | Became a worshipper of Beogh the Brigand
  2957 | D:3      | Reached * piety under Beogh
  2957 | D:3      | Reached ** piety under Beogh
  3418 | D:4      | Reached skill level 8 in Axes
  3418 | D:4      | Reached skill level 1 in Armour
  3418 | D:4      | Reached skill level 1 in Invocations
  3690 | D:4      | Reached XP level 6. HP: 49/52 MP: 6/6
  4002 | D:5      | Entered Level 5 of the Dungeon
  4015 | D:5      | HP: 2/78 [centaur (3)]
  4640 | D:4      | Noticed Pikel
  4881 | D:5      | Noticed a water moccasin
  4883 | D:5      | Noticed a black bear
  4909 | D:5      | Killed a water moccasin
  4910 | D:5      | Reached XP level 7. HP: 60/60 MP: 7/9
  4957 | D:5      | Reached skill level 5 in Fighting
  5161 | D:5      | Reached *** piety under Beogh
  5421 | D:5      | Reached skill level 9 in Axes
  5534 | D:5      | Splashed by a jelly's acid

Illustrated notes

Levels and vault maps discovered:
D:1:      minmay_arrival_arboretum_small, layout_loops_ring, minivault_26
D:2:      layout_basic, minmay_misc_feat_five, minmay_pentomino_o4
D:3:      layout_basic, grunt_gozag_statues, kiku_gazebo_garden_becter,
          nicolae_ecumenical_pavilion, kennysheep_cross_room,
          nicolae_eternal_life
D:4:      layout_loops_ring, uniq_pikel
D:5:      lemuel_ratsnest, layout_rooms, uniq_crazy_yiuf_cottage

Skill      XL: |  1  2  3  4  5  6  7 |
---------------+----------------------+-----
Axes           | 6 7 8 9 |  9.0
Armour         | 1 2 3 |  3.2
Invocations    | 1 3 |  3.9
Fighting       | 4 5 |  5.2
Dodging        | |  2.4
Stealth        | |  1.5

Action                   |  1- 3 |  4- 6 |  7- 9 || total
-------------------------+-------+-------+-------++-------
Melee: Hand axe          |    55 |    59 |       ||   114
       Punch             |     3 |     3 |     2 ||     8
       War axe           |       |    16 |       ||    16
       Dagger            |       |   130 |   140 ||   270
Invok: Convert to Beogh  |       |     1 |       ||     1
  Use: Scroll            |     2 |     2 |       ||     4
       Potion            |       |     3 |       ||     3
 Stab: Sleeping          |     1 |     3 |       ||     4
Armor: Robe              |    11 |       |       ||    11
       Ring mail         |       |    53 |    39 ||    92
       Skin              |       |    22 |    24 ||    46
Dodge: Dodged            |    36 |   113 |    54 ||   203
